Match 41012445
Unlisted

Match 41012445
End
Construct Infanterie Kompanie
Selects Luftwaffe Battlegroup
Selects Luftwaffe Pioneer Support
Fallschirmpioneer Squad Paradrop
Grenadier Squad
Grenadier Squad
Construct Luftwaffe Kompanie
Selects Stuka Strafing Run
Stuka Strafing Run
Selects Fallschirmjäger Squad Paradrop
Fallschirmjäger Squad Paradrop
221 Scout Car
Asuka top soska>З
Asiro8
STALKER4732
Devochkin
0
0

Comments sign in to comment!

No comments posted yet!